 Dungeon Crawl Stone Soup version 0.26-a0-43-g20b394cb32 (webtiles) character file.

Game seed: 14821605868495031390

58 MarredHen the Conjurer (level 4, -7/24 HPs)
             Began as a Kobold Conjurer on June 2, 2020.
             Was an Initiate of Qazlal.
             Mangled by a gnoll
             ... wielding a +0 halberd
              (12 damage)
             ... on level 2 of the Dungeon.
             The game lasted 00:06:26 (1427 turns).

MarredHen the Conjurer (Kobold Conjurer)            Turns: 1427, Time: 00:06:27

Health: -7/24      AC:  2    Str:  5    XL:     4   Next: 20%
Magic:  0/8        EV: 16    Int: 17    God:    Qazlal [......]
Gold:   105        SH:  0    Dex: 15    Spells: 7/8 levels left

rFire    . . .     SeeInvis .   d - -3 dagger (curse)
rCold    . . .     Gourm    .   (shield restricted)
rNeg     . . .     Faith    .   a - +0 robe
rPois    .         Spirit   .   (no helmet)
rElec    .         Reflect  .   (no cloak)
rCorr    .         Harm     .   (no gloves)
MR       .....                  (no boots)
Stlth    +++.......             (no amulet)
HPRegen  0.08/turn              (no ring)
MPRegen  0.11/turn              (no ring)

@: no status effects
A: small, carnivore
a: Renounce Religion


You were on level 2 of the Dungeon.
You worshipped Qazlal.
Qazlal was noncommittal.
You were not hungry.

You visited 1 branch of the dungeon, and saw 2 of its levels.

You collected 105 gold pieces.

Inventory:

Hand Weapons
 d - a cursed -3 dagger (weapon)
Armour
 a - a +0 robe (worn)
Scrolls
 b - 4 scrolls of identify {unknown}
 e - a scroll of enchant weapon {unknown}
Potions
 f - a potion of resistance {unknown}
 g - 2 potions of lignification {unknown}
 h - a potion of heal wounds {unknown}
 i - 2 potions of might {unknown}
Comestibles
 c - 3 rations


   Skills:
 + Level 3.2 Dodging
 + Level 3.6 Stealth
 + Level 2.8 Spellcasting
 + Level 4.4 Conjurations


You had 7 spell levels left.
You knew the following spells:

 Your Spells              Type           Power        Failure   Level  Hunger
a - Magic Dart            Conj           ###.         3%          1    #......

Your spell library contained the following spells:

 Spells                   Type           Power        Failure   Level  Hunger
 Searing Ray              Conj           ###...       4%          2    ##.....
 Dazzling Flash           Conj/Hex       #.....       22%         3    ###....
 Fulminant Prism          Conj/Hex       #.........   56%         4    #####..
 Iskenderun's Mystic Bla  Conj/Tloc      #.......     56%         4    #####..


Dungeon Overview and Level Annotations

Branches:
Dungeon (2/15)

Altars:
Qazlal


Innate Abilities, Weirdness & Mutations

You are small and have problems with some larger weapons.
You are carnivorous and can eat meat at any time.


Message History

Confirm with . or Enter, or press ? or * to list all spells.
Aiming: Magic Dart (safe; 3% risk of failure)
Press: ? - help, Shift-Dir - straight line, f/p - gnoll
Aim: a gnoll, wielding a +0 halberd (severely wounded)
The magic dart hits the gnoll.
The gnoll is almost dead.
You hit the gnoll but do no damage.
The gnoll is almost dead.
The gnoll closely misses you.
You hit the gnoll but do no damage.
The gnoll is almost dead.
The gnoll barely misses you.
You hit the gnoll but do no damage.
The gnoll is almost dead.
The gnoll completely misses you.
You barely miss the gnoll.
The gnoll is almost dead.
The gnoll hits you with a +0 halberd!
Ouch! That really hurt!
You die...

#.....######.#
#######
#.....######.#
.......
####.##......#
####### #.#
... ..# #.#
..# #.# #.#
..# ###### #.#
..###.# #.....
##.##g..(...
#.....
#..รท@.#
#..... #..####
###..... #...
........ #.##
###..... #.
#..... #.
#####+ #. #.
#. ##


You could see a gnoll.

Vanquished Creatures
  2 adders (D:2)
  An ooze (D:2)
  A worm (D:2)
  2 dart slugs
  A leopard gecko (D:2)
  6 bats
  A giant cockroach (D:2)
  7 hobgoblins
  2 kobolds
  A quokka (D:2)
  A ball python (D:2)
  A frilled lizard (D:2)
  3 rats
29 creatures vanquished.

Notes
Turn   | Place    | Note
-------+----------+-------------------------------------------
     0 | D:1      | MarredHen the Kobold Conjurer began the quest for the Orb.
     0 | D:1      | Reached XP level 1. HP: 10/10 MP: 3/3
   265 | D:1      | Reached XP level 2. HP: 11/15 MP: 0/5
   347 | D:1      | You fall into a shaft and drop 1 floor!
   648 | D:2      | Reached XP level 3. HP: 19/19 MP: 0/6
   765 | D:2      | Found a stormy altar of Qazlal.
   782 | D:2      | Became a worshipper of Qazlal Stormbringer
  1294 | D:2      | Reached XP level 4. HP: 24/24 MP: 4/8
  1427 | D:2      | Mangled by a gnoll

Illustrated notes

Levels and vault maps discovered:
D:1:      evilmike_arrival_plus, layout_basic
D:2:      layout_basic, overflow_temple_1_default, minmay_pentomino_r4

Skill      XL: |  1  2  3 |
---------------+----------+-----
Stealth        | 3 |  3.6
Dodging        | 3 |  3.2
Spellcasting   | |  2.8
Conjurations   | |  4.4

Action                   |  1- 3 |  4- 6 || total
-------------------------+-------+-------++-------
Melee: Dagger            |    14 |    18 ||    32
 Cast: Magic Dart        |    69 |    12 ||    81
  Eat: Chunk             |     2 |     1 ||     3
Armor: Robe              |     5 |       ||     5
Dodge: Dodged            |    13 |    19 ||    32

Table legend:
 A = Non-vault XP
 B = Vault XP
 C = Vault XP percentage of total XP
 D = Non-vault monster count
 E = Vault monster count
 F = Vault count percentage of total count
                 A         B        C        D         E       F
            +---------+---------+-------+---------+---------+-------
      Total |      74 |       9 |  10.8 |      25 |       4 |  13.8
            +---------+---------+-------+---------+---------+-------
        D:1 |      12 |       0 |   0.0 |       6 |       0 |   0.0
        D:2 |      62 |       9 |  12.7 |      19 |       4 |  17.4
            +---------+---------+-------+---------+---------+-------
